 Dungeon Crawl Stone Soup version 0.30-a0-758-gc2c871d025 (console) character file.

Game seed: 9673265504729131035

44 Banquo the Magician (level 3, 0/27 HPs)
             Began as a Djinni Earth Elementalist on Feb 10, 2023.
             Slain by a scorpion (4 damage)
             ... on level 2 of the Dungeon.
             The game lasted 00:04:20 (1348 turns).

Banquo the Magician (Djinni Earth Elementalist)     Turns: 1348, Time: 00:04:21

Health: 0/27       AC:  2    Str:  7    XL:     3   Next: 85%
Gold:   89         EV: 12    Int: 18    God:
                   SH:  0    Dex: 13

rFire   + + .      SeeInvis .    m - +0 short sword (drain)
rCold   x . .      Faith    .    (no shield)
rNeg    . . .      Spirit   .    a - +0 robe
rPois   ∞          Reflect  .    (no helmet)
rElec   .          Harm     .    (no cloak)
rCorr   .          Rampage  .    (no gloves)
Will    .....                    (boots unavailable)
Stlth   ++                       (no amulet)
HPRegen 0.24/turn                (no ring)
MPRegen 0.00/turn                (no ring)

@: flying, very slightly contaminated
A: sickness immunity, fire resistance 2, cold vulnerability 1, float, innate
caster, HP casting, extra vitality 1
a: no special abilities


You were on level 2 of the Dungeon.
You visited 1 branch of the dungeon, and saw 2 of its levels.

You collected 89 gold pieces.

Inventory:

Hand Weapons
 i - a +0 flail
 m - a +0 short sword of draining (weapon)
Armour
 a - a +0 robe (worn)
Scrolls
 c - 4 scrolls of identify {unknown}
 d - a scroll of fog {unknown}
 f - 3 scrolls of teleportation {unknown}
 j - a scroll of vulnerability {unknown}
 k - 2 scrolls of blinking {unknown}
Potions
 b - 2 potions of magic
 e - a potion of mutation {unknown}
 g - 2 potions of ambrosia {unknown}
 h - a potion of curing {unknown}
 l - a potion of heal wounds {unknown}
 n - a potion of brilliance {unknown}


   Skills:
 * Level 1.1 Fighting
 - Level 2.1 Dodging
 - Level 1.5 Stealth
 + Level 3.3 Spellcasting


You couldn't memorise any spells.
You knew the following spells:

 Your Spells              Type           Power      Damage    Failure   Level
a - Sandblast             Erth           30%        2d9       4%          1
b - Beastly Appendage     Tmut           30%        N/A       4%          1
c - Stone Arrow           Conj/Erth      30%        3d8       12%         3
d - Petrify               Tmut/Erth      15%        N/A       36%         4
w - Passwall              Tmut/Erth      12%        N/A       6%          2
Your spell library was empty.

Dungeon Overview and Level Annotations

Branches:
Dungeon (2/15)

Altars:

Shops:
D:1 [


Innate Abilities, Weirdness & Mutations

You are immune to sickness and miasma.
You are immune to poison.
Your flesh is very heat resistant. (rF++)
You are vulnerable to cold. (rC-)
You float through the air rather than walking.
You learn spells naturally, not from books.
Your magical power is your life essence.
You have superior vitality. (+4 MHP)


Message History

The blast of sand hits the scorpion.
The scorpion is severely wounded.
The scorpion barely misses you. The scorpion closely misses you.
Aiming: Sandblast (safe; 4% risk of failure)
Press: ? - help, Q - select action, (/) - cycle Shift-Dir - straight line, f/p - scorpion
Aim: a scorpion (severely wounded, 82% to hit)
The blast of sand hits the scorpion but does no damage.
The scorpion is severely wounded.
The scorpion stings you.
Casting: Sandblast (safe; 4% risk of failure)
Confirm with . or Enter, or press ? or * to list all spells.
You don't know that spell.
Unknown command.
Adjust (i)tems, (s)pells, or (a)bilities?
Adjust which spell? p - Passwall Adjust to which letter? w - Passwall
Casting: Sandblast (safe; 4% risk of failure)
Confirm with . or Enter, or press ? or * to list all spells.
Aiming: Passwall (safe; 6% risk of failure)
Press: ? - help, Dir - move target, p - scorpion A rock wall.
You miscast Passwall.
You are very lightly contaminated with residual magic.
Nothing appears to happen.
* * * LOW HITPOINT WARNING * * *
The scorpion stings you.
* * * LOW HITPOINT WARNING * * *
The scorpion closely misses you.
Unknown command.
Unknown command.
Casting: Passwall (safe; 6% risk of failure)
Confirm with . or Enter, or press ? or * to list all spells.
Aiming: Passwall (safe; 6% risk of failure)
Press: ? - help, Dir - move target A rock wall.
* * * LOW HITPOINT WARNING * * *
The scorpion stings you.
You die...

# #.......................... #
#.######.............!..... #
#.# ####...................
#####.# #......................
#.....# #.......#........^?....
#.#######.......#..............
........+.......#..............
#.....###.......#..............
+.....'.........@s.######+#####
#.....############.# #.#####
#....#.# #.###########.##.#.#
#..............#.#.#
##############.#.#.#
#....<#.#.# #.#####.#.#
#.......#.#


You could see a scorpion.

Vanquished Creatures
  A worm (D:2)
  A dart slug (D:1)
  5 bats
  3 endoplasms
  2 giant cockroaches (D:1)
  4 hobgoblins
  5 jackals (D:1)
  2 kobolds
  2 quokkas
  3 ball pythons
  2 frilled lizards (D:2)
  3 rats
33 creatures vanquished.

Notes
Turn   | Place    | Note
-------+----------+-------------------------------------------
     0 | D:1      | Banquo the Djinni Earth Elementalist began the quest for
                  | the Orb.
     0 | D:1      | Banquo set off with the following spells memorised:
                  | Sandblast, Passwall, Stone Arrow, Petrify.
     0 | D:1      | Reached XP level 1. HP: 15/15 MP: 0/0
   344 | D:1      | Reached XP level 2. HP: 21/22 MP: 0/0
   387 | D:1      | Found Ravuisej's Antique Armour Shop.
   573 | D:1      | Reached skill level 3 in Spellcasting
   621 | D:1      | Reached XP level 3. HP: 25/26 MP: 0/0
   621 | D:1      | Learned a level 1 spell: Beastly Appendage
   692 | D:1      | Reached skill level 1 in Fighting
  1331 | D:2      | Noticed a scorpion
  1348 | D:2      | Slain by a scorpion

Illustrated notes

Levels and vault maps discovered:
D:1:      evilmike_arrival_plus, layout_basic, serial_shops, shop
D:2:      layout_basic, nicolae_ecumenical_snake_handling

Skill      XL: |  1  2  3 |
---------------+----------+-----
Spellcasting   | 3 |  3.3
Fighting       | 1 |  1.1
Dodging        | |  2.1
Stealth        | |  1.5

Action                     || total
---------------------------++-------
   Cast: Sandblast         ||    58
         Passwall          ||     1
 Armour: Robe              ||    10
  Dodge: Dodged            ||    17

Table legend: (Time is in decaauts)
 A = Elapsed time spent in this place.
 B = Non-inter-level travel time spent in this place.
 C = Inter-level travel time spent in this place.
 D = Time resting spent in this place.
 E = Time spent auto-exploring this place.
 F = Levels seen in this place.
 G = Mean time per level.
                   A        B        C        D        E       F      G
               +--------+--------+--------+--------+--------+-----+--------+
         Total |   1376 |   1288 |     88 |    125 |    899 |   2 |  688.0 |
       Dungeon |   1376 |   1288 |     88 |    125 |    899 |   2 |  688.0 |
               +--------+--------+--------+--------+--------+-----+--------+

Top non-repeatable levels by time:
     D:1: 910 daAuts
     D:2: 465 daAuts
